 Dungeon Crawl Stone Soup version 0.30-a0-462-gd5975efbca (webtiles) character file.

Game seed: 4834906088738493399

24 IdlyInterested the Grave Robber (level 2, -6/22 HPs)
             Began as a Demonspawn Wanderer on Dec 16, 2022.
             Mangled by a worm (8 damage)
             ... on level 2 of the Dungeon.
             The game lasted 00:03:28 (1237 turns).

IdlyInterested the Grave Robber (DsWn)              Turns: 1237, Time: 00:03:28

Health: -6/22      AC:  9    Str: 12    XL:     2   Next: 79%
Magic:  3/3        EV: 10    Int: 13    God:
Gold:   55         SH:  0    Dex: 12    Spells: 3/3 levels left

rFire   . . .      SeeInvis .    l - +0 short sword
rCold   . . .      Faith    .    (no shield)
rNeg    . . .      Spirit   .    n - +0 ring mail
rPois   .          Reflect  .    d - +0 helmet
rElec   .          Harm     .    (no cloak)
rCorr   .          Rampage  .    q - +0 pair of gloves
Will    .....                    (no boots)
Stlth   +.........               (no amulet)
HPRegen 0.23/turn                (no ring)
MPRegen 0.08/turn                (no ring)

@: no status effects
A: molten scales 1
a: no special abilities


You were on level 2 of the Dungeon.
You visited 1 branch of the dungeon, and saw 2 of its levels.

You collected 55 gold pieces.

Inventory:

Hand Weapons
 a - a +0 club
 h - a +0 dagger
 l - a +0 short sword (weapon)
Missiles
 m - 9 javelins (quivered)
Armour
 d - a +0 helmet (worn)
 i - a +0 leather armour
 n - a +0 ring mail (worn)
 p - a +0 robe
 q - a +0 pair of gloves (worn)
 s - a +0 chain mail
Scrolls
 b - a scroll of blinking
 g - a scroll of magic mapping {unknown}
 j - 3 scrolls of noise {unknown}
 k - 2 scrolls of identify {unknown}
 r - a scroll of poison {unknown}
Potions
 c - a potion of heal wounds {unknown}
 e - a potion of resistance {unknown}
 f - a potion of curing {unknown}
 o - a potion of ambrosia {unknown}


   Skills:
 * Level 2.1 Fighting
 - Level 1.0 Throwing
 * Level 0.2 Armour
 - Level 1.0 Dodging
 - Level 1.0 Stealth
 - Level 1.0 Spellcasting
 - Level 3.2 Necromancy
 - Level 2.6 Fire Magic
 - Level 1.0 Evocations


You had 3 spell levels left.
You didn't know any spells.
Your spell library contained the following spells:

 Spells                   Type           Power      Damage    Failure   Level
 Necrotise                Necr           36%        1d5       17%         1
 Sublimation of Blood     Necr           9%         N/A       26%         2
 Foxfire                  Conj/Fire      16%        2x1d4     36%         1
 Vampiric Draining        Necr           9%         2d6       45%         3
 Ignite Poison            Fire/Tmut/Pois 2%         N/A       80%         3


Dungeon Overview and Level Annotations

Branches:
Dungeon (2/15)

Altars:


Innate Abilities, Weirdness & Mutations

You are partially covered in molten scales. (AC +2)


Message History

A worm comes into view.
You see here 12 gold pieces.
You hit the worm but do no damage. You hit the worm.
The worm is lightly wounded.
The worm bites you.
You hit the worm but do no damage.
The worm is lightly wounded.
You barely miss the worm.
The worm is lightly wounded.
The worm bites you.
You hit the worm.
The worm is lightly wounded.
The worm bites you but does no damage.
You hit the worm.
The worm is moderately wounded.
You hit the worm.
The worm is moderately wounded.
The worm bites you.
You barely miss the worm.
The worm is moderately wounded.
You hit the worm.
The worm is heavily wounded.
The worm bites you.
You hit the worm.
The worm is heavily wounded.
The worm bites you.
* * * LOW HITPOINT WARNING * * *
You hit the worm but do no damage.
The worm is heavily wounded.
You hit the worm but do no damage.
The worm is heavily wounded.
The worm bites you.
* * * LOW HITPOINT WARNING * * *
You hit the worm.
The worm is severely wounded.
You barely miss the worm.
The worm is severely wounded.
The worm bites you!
You die...

#.# #.# #.#
#<# #.# #.#
#.#
######.####..#
#.....@.......
#.....w.......
#.............
######.####...
#.. .. ##. . .
.#


You could see a worm.

Vanquished Creatures
  2 ball pythons (D:1)
  A bat (D:1)
  5 endoplasms (D:1)
  6 goblins (D:1)
  A quokka (D:1)
  A frilled lizard (D:1)
  4 kobolds (D:1)
  A rat (D:1)
21 creatures vanquished.

Notes
Turn   | Place    | Note
-------+----------+-------------------------------------------
     0 | D:1      | IdlyInterested the Demonspawn Wanderer began the quest for
                  | the Orb.
     0 | D:1      | IdlyInterested set off with the following items: a +0 club,
                  | a scroll of blinking, a +0 robe, a +0 helmet; and the
                  | following spells available to memorise: Necrotise,
                  | Sublimation of Blood, Foxfire, Vampiric Draining, Ignite
                  | Poison.
     0 | D:1      | Reached XP level 1. HP: 15/15 MP: 2/2
   162 | D:1      | Reached skill level 1 in Evocations
   383 | D:1      | Gained mutation: You are partially covered in molten
                  | scales. (AC +2) [demonic ancestry]
   383 | D:1      | Reached XP level 2. HP: 9/21 MP: 3/3
   867 | D:1      | Reached skill level 1 in Stealth
  1235 | D:2      | HP: 1/22 [worm (3)]
  1237 | D:2      | Mangled by a worm

Illustrated notes

Levels and vault maps discovered:
D:1:      co_arrival_hall_of_pillars, layout_basic, minmay_misc_feat_room
D:2:      minmay_general_purpose_star, layout_rooms, kennysheep_generic_room_11

Skill      XL: |  1  2 |
---------------+-------+-----
Evocations     | 1 |  1.0
Stealth        | 1 |  1.0
Fighting       | 2 |  2.1
Throwing       | |  1.0
Armour         | |  0.2
Dodging        | |  1.0
Spellcasting   | |  1.0
Necromancy     | |  3.2
Fire Magic     | |  2.6

Action                   || total
-------------------------++-------
Melee: Club              ||    27
       Short sword       ||    88
       Punch             ||     1
Throw: Stone             ||     5
Armor: Leather armour    ||    20
       Robe              ||     3
       Ring mail         ||    22
Dodge: Dodged            ||    50

Table legend: (Time is in decaauts)
 A = Elapsed time spent in this place.
 B = Non-inter-level travel time spent in this place.
 C = Inter-level travel time spent in this place.
 D = Time resting spent in this place.
 E = Time spent auto-exploring this place.
 F = Levels seen in this place.
 G = Mean time per level.
                   A        B        C        D        E       F      G
               +--------+--------+--------+--------+--------+-----+--------+
         Total |   1244 |   1244 |      0 |    271 |    581 |   2 |  622.0 |
       Dungeon |   1244 |   1244 |      0 |    271 |    581 |   2 |  622.0 |
               +--------+--------+--------+--------+--------+-----+--------+

Top non-repeatable levels by time:
     D:1: 1225 daAuts
     D:2: 18 daAuts
